 Seeded DCSS version 0.29-a0-506-ga2e7fffb44 (webtiles) character file.

Game seed: 20220529 (custom seed)

1698 a11behringer the Basher (level 8, -7/70 HPs)
             Began as a Minotaur Fighter on May 29, 2022.
             Mangled by Menkaure (11 damage)
             ... on level 5 of the Dungeon.
             The game lasted 00:11:01 (4757 turns).

a11behringer the Basher (Minotaur Fighter)          Turns: 4757, Time: 00:11:01

Health: -7/70      AC: 16    Str: 22    XL:     8   Next: 72%
Magic:  7/7        EV:  7    Int: 11    God:
Gold:   216        SH:  5    Dex: 14    Spells: 7/7 levels left

rFire   . . .      SeeInvis .   s - +2 whip (elec)
rCold   . . .      Faith    .   c - +0 buckler
rNeg    . . .      Spirit   .   w - +0 plate armour
rPois   +          Reflect  .   r - +2 hat
rElec   .          Harm     .   q - +0 cloak
rCorr   .          Rampage  .   (no gloves)
Will    .....                   (no boots)
Stlth   ..........              v - amulet of magic regeneration
HPRegen 0.21/turn               B - +6 ring of intelligence
MPRegen 0.50/turn               e - ring of Izodev {rPois Dex+3}

@: no status effects
A: horns 2, retaliatory headbutt
a: no special abilities


You were on level 5 of the Dungeon.
You visited 1 branch of the dungeon, and saw 5 of its levels.

You collected 216 gold pieces.

Inventory:

Hand Weapons
 a - a +0 flail
 s - a +2 whip of electrocution (weapon)
 F - a +1 flail of protection
Armour
 b - a +0 scale mail
 c - a +0 buckler (worn)
 q - a +0 cloak (worn)
 r - a +2 hat (worn)
 w - a +0 plate armour (worn)
 z - a +2 robe of fire resistance
 G - a +2 chain mail of fire resistance
Jewellery
 e - the ring of Izodev (right hand) {rPois Dex+3}
   (You acquired it on level 5 of the Dungeon)

   [ring of poison resistance]

   Dex:       It affects your dexterity (+3).
   rPois:     It protects you from poison.
 v - an amulet of magic regeneration (around neck)
 B - a +6 ring of intelligence (left hand)
 C - a ring of magical power
Scrolls
 h - a scroll of enchant weapon {unknown}
 l - a scroll of fog {unknown}
 m - a scroll of summoning {unknown}
 o - 2 scrolls of identify {unknown}
 p - 3 scrolls of amnesia {unknown}
 t - a scroll of vulnerability {unknown}
 u - a scroll of poison {unknown}
 x - 2 scrolls of noise {unknown}
 y - 2 scrolls of blinking {unknown}
 A - a scroll of teleportation {unknown}
 D - a scroll of magic mapping {unknown}
Potions
 d - 2 potions of might
 f - 2 potions of flight {unknown}
 g - a potion of resistance {unknown}
 i - a potion of degeneration {unknown}
 j - 3 potions of brilliance {unknown}
 k - a potion of attraction {unknown}
 n - a potion of lignification {unknown}
 E - a potion of curing {unknown}


   Skills:
 + Level 6.0 Fighting
 * Level 10.3 Maces & Flails
 + Level 7.5 Armour
 + Level 2.2 Dodging
 - Level 4.2 Shields


You had 7 spell levels left.
You didn't know any spells.
Your spell library contained the following spells:

 Spells                   Type           Power      Damage    Failure   Level
 Poisonous Vapours        Pois/Air       0%         N/A       100%        2
 Inner Flame              Hex/Fire       0%         N/A       100%        3
 Summon Guardian Golem    Hex/Summ       0%         N/A       100%        3
 Tukima's Dance           Hex            0%         N/A       100%        3
 Cause Fear               Hex            0%         N/A       100%        4
 Corpse Rot               Necr/Pois/Air  0%         N/A       100%        4
 Passage of Golubria      Tloc           0%         N/A       100%        4
 Yara's Violent Unravell  Hex/Tmut       0%         3d3       100%        5
 Orb of Destruction       Conj           0%         9d5       100%        7
 Spellforged Servitor     Conj/Summ      0%         N/A       100%        7
 Discord                  Hex            0%         N/A       100%        8


Dungeon Overview and Level Annotations

Branches:
Dungeon (5/15)
 Temple: D:4-7

Altars:
Nemelex Xobeh
Zin

Annotations:
D:3 3 runed translucent doors, Gelos's ghost, amateur KoBr
D:5 Menkaure


Innate Abilities, Weirdness & Mutations

You have a pair of horns on your head.
You reflexively headbutt those who attack you in melee.


Message History

You headbutt the gnoll sergeant.
The gnoll sergeant is severely wounded.
You block the orc's attack.
The gnoll sergeant hits you with a +6 trident of protection!
* * * LOW HITPOINT WARNING * * *
You hit the gnoll sergeant but do no damage.
You headbutt the gnoll sergeant.
The gnoll sergeant is almost dead.
The orc hits you but does no damage.
The gnoll sergeant hits you but does no damage.
Menkaure mumbles some strange words.
Menkaure seems to speed up.
You hit the gnoll sergeant but do no damage.
The gnoll sergeant is almost dead.
You closely miss the gnoll sergeant.
The gnoll sergeant is almost dead.
The orc hits you but does no damage.
The gnoll sergeant hits you with a +6 trident of protection!
* * * LOW HITPOINT WARNING * * *
You hit the gnoll sergeant.
You kill the gnoll sergeant!
The orc hits you but does no damage.
You hit Menkaure but do no damage. Menkaure hits you but does no damage.
You hit Menkaure. Your headbutt misses Menkaure.
Menkaure is lightly damaged.
You block the orc's attack.
You whack Menkaure!
Menkaure is moderately damaged.
You block Menkaure's attack. The orc barely misses you.
You furiously retaliate!
You headbutt the orc.
You kill the orc!
You hit Menkaure but do no damage.
Menkaure is moderately damaged.
Menkaure calls on the powers of darkness!
Your body is wracked with pain!
* * * LOW HITPOINT WARNING * * *
You hit Menkaure. Lightning courses through Menkaure!
Menkaure is almost destroyed.
Menkaure hits you!
You die...

#.....................>.#
#.......................#
####......########.........#
.....?....#
#########...###.. #.......#
#.......'.....+ #.......#
#.#######....##
...#[......###............#
.oh........'[..M)##########
...#.......#####@# ..
#.......# ### ###.###...
?... #.### #$#.# #.# ....#.
..# .# # #..


You could see Menkaure (fast).

Vanquished Creatures
  Sigmund (D:2)
  Edmund (D:5)
  Duvessa (D:4)
  2 ice beasts (D:5)
  3 black bears
  2 phantoms (D:4)
  A necrophage (D:4)
  A gnoll sergeant (D:5)
  A scorpion (D:5)
  Dowan (D:4)
  2 vampire bats (D:4)
  A jelly (D:4)
  2 hounds (D:5)
  An iguana (D:5)
  4 orc wizards
  8 adders
  3 gnolls (D:3)
  A white imp (D:5)
  A worm (D:2)
  4 dart slugs
  10 orcs
  11 ball pythons
  12 bats
  7 endoplasms
  3 giant cockroaches
  6 goblins
  6 hobgoblins
  6 jackals
  2 quokkas
  4 frilled lizards (D:2)
  5 kobolds
  4 rats
117 creatures vanquished.

Vanquished Creatures (others)
  3 plants (D:1)
3 creatures vanquished.

Grand Total: 120 creatures vanquished

Notes
Turn   | Place    | Note
-------+----------+-------------------------------------------
     0 | D:1      | a11behringer the Minotaur Fighter began the quest for the
                  | Orb.
     0 | D:1      | Reached XP level 1. HP: 19/19 MP: 0/0
   250 | D:1      | Reached XP level 2. HP: 24/27 MP: 1/1
   619 | D:1      | Reached skill level 3 in Maces & Flails
   880 | D:3      | Noticed Gelos's ghost (amateur KoBr)
   900 | D:3      | Reached XP level 3. HP: 25/33 MP: 2/2
  1445 | D:2      | Noticed Sigmund
  1450 | D:2      | Killed Sigmund
  1451 | D:2      | Reached skill level 5 in Maces & Flails
  1451 | D:2      | Reached skill level 1 in Dodging
  1451 | D:2      | Reached XP level 4. HP: 41/41 MP: 3/3
  1451 | D:2      | Reached XP level 5. HP: 47/47 MP: 4/4
  1519 | D:2      | Found a faded altar of an unknown god.
  1891 | D:3      | Found a runed translucent gate.
  1892 | D:3      | Found a runed translucent gate.
  1893 | D:3      | Found a runed translucent gate.
  2151 | D:3      | Reached XP level 6. HP: 43/53 MP: 5/5
  2388 | D:3      | Reached skill level 6 in Maces & Flails
  2873 | D:4      | Reached skill level 5 in Armour
  2993 | D:4      | Noticed Dowan
  3004 | D:4      | Killed Dowan
  3005 | D:4      | Noticed Duvessa
  3015 | D:4      | Killed Duvessa
  3016 | D:4      | Reached skill level 7 in Maces & Flails
  3016 | D:4      | Reached XP level 7. HP: 37/60 MP: 6/6
  3265 | D:4      | Found a sparkling altar of Nemelex Xobeh.
  3265 | D:4      | Found a glowing silver altar of Zin.
  3615 | D:4      | Reached skill level 5 in Fighting
  3877 | D:4      | Reached skill level 8 in Maces & Flails
  4132 | D:5      | Entered Level 5 of the Dungeon
  4197 | D:5      | Reached XP level 8. HP: 69/69 MP: 7/7
  4197 | D:5      | Identified a scroll of acquirement
  4197 | D:5      | Acquired the ring of Izodev {rPois Dex+3}
  4268 | D:5      | Noticed Edmund
  4274 | D:5      | Killed Edmund
  4275 | D:5      | Reached skill level 9 in Maces & Flails
  4333 | D:5      | Noticed Menkaure
  4592 | D:5      | Reached skill level 10 in Maces & Flails
  4757 | D:5      | Mangled by Menkaure

Illustrated notes

Levels and vault maps discovered:
D:1:      heliophobic_arrival_glass_houses, layout_basic, amethyst_killhole,
          serial_bayou_lake_a
D:2:      layout_basic, basic_ecumenical_altar, minmay_quadrilaterals,
          uniq_sigmund
D:3:      layout_basic, gammafunk_ghost_split
D:4:      layout_basic, mainiacjoe_overflow_large_starburst, roderic_batcave,
          uniq_duvessa
D:5:      layout_basic, minmay_chambers_of_fives, uniq_menkaure, uniq_edmund

Skill      XL: |  1  2  3  4  5  6  7  8 |
---------------+-------------------------+-----
Maces & Flails | 3 5 7 8 10 | 10.3
Fighting       | 4 5 6 |  6.0
Armour         | 4 5 6 7 |  7.5
Dodging        | 1 2 |  2.2
Shields        | 4 |  4.2

Action                   |  1- 3 |  4- 6 |  7- 9 || total
-------------------------+-------+-------+-------++-------
Melee: Flail             |    84 |     2 |       ||    86
       Headbutt          |    10 |    18 |    35 ||    63
       Whip              |       |   130 |   139 ||   269
  Use: Potion            |     1 |       |       ||     1
       Scroll            |       |       |     1 ||     1
Armor: Scale mail        |    46 |    28 |       ||    74
       Plate armour      |       |    34 |    96 ||   130
Dodge: Dodged            |    37 |    31 |    33 ||   101
Block: Buckler           |    19 |    28 |    25 ||    72

Table legend: (Time is in decaauts)
 A = Elapsed time spent in this place.
 B = Non-inter-level travel time spent in this place.
 C = Inter-level travel time spent in this place.
 D = Time resting spent in this place.
 E = Time spent auto-exploring this place.
 F = Levels seen in this place.
 G = Mean time per level.
                   A        B        C        D        E       F      G
               +--------+--------+--------+--------+--------+-----+--------+
         Total |   4775 |   4572 |    203 |      0 |   3856 |   5 |  955.0 |
       Dungeon |   4775 |   4572 |    203 |      0 |   3856 |   5 |  955.0 |
               +--------+--------+--------+--------+--------+-----+--------+

Top non-repeatable levels by time:
     D:4: 1617 daAuts
     D:3: 1236 daAuts
     D:2: 924 daAuts
     D:1: 769 daAuts
     D:5: 228 daAuts
